Match 34793130
Unlisted

Match 34793130
End
Kettenkrad Recon Vehicle
Construct Infanterie Kompanie
Selects Mechanized Battlegroup
MG 42 Machine Gun Team
MG 42 Machine Gun Team
Grenadier Squad
Medical Station
Selects Mobile Repair Stations
Construct Luftwaffe Kompanie
Support Elements
Wirbelwind Flakpanzer
Wirbelwind Flakpanzer
Selects Raid Package
Atomic Floyd
deadsadbadmad
Alessandro-9891
TamponFIN
Derlis
KimCarsons
0
0

Comments sign in to comment!

No comments posted yet!